 Dungeon Crawl Stone Soup version 0.29.1-15-g9cfb28693d (console) character file.

Game seed: 14436017534442968459

77 knave8 the Chiller (level 4, -3/32 HPs)
             Began as a Merfolk Ice Elementalist on Apr 12, 2023.
             Slain by Robin
             ... wielding a +0 trident
              (8 damage)
             ... on level 2 of the Dungeon on Apr 13, 2023.
             The game lasted 00:16:10 (1640 turns).

knave8 the Chiller (Merfolk Ice Elementalist)       Turns: 1640, Time: 00:16:12

Health: -3/32      AC:  3    Str:  8    XL:     4   Next: 33%
Magic:  0/7        EV: 12    Int: 16    God:
Gold:   138        SH:  0    Dex: 14    Spells: 1/8 levels left

rFire   . . .      SeeInvis +   b - +0 sling
rCold   . . .      Faith    .   (no shield)
rNeg    + . .      Spirit   .   j - +0 leather armour
rPois   .          Reflect  .   (no helmet)
rElec   .          Harm     .   (no cloak)
rCorr   .          Rampage  .   (no gloves)
Will    .....                   (no boots)
Stlth   ++........              (no amulet)
HPRegen 0.10/turn               c - ring of see invisible
MPRegen 0.10/turn               e - ring of positive energy

@: freezing walls
A: (nimble swimmer 2), mertail
a: no special abilities


You were on level 2 of the Dungeon.
You visited 1 branch of the dungeon, and saw 3 of its levels.

You collected 138 gold pieces.

Inventory:

Hand Weapons
 a - a +1 hand axe of flaming
 b - a +0 sling (weapon)
 k - a +0 dagger
 n - a +0 short sword
 p - a +0 whip
 q - a +0 long sword
 t - a +0 flail
Missiles
 g - 49 stones
Armour
 d - a +0 ring mail
 i - a +0 robe
 j - a +0 leather armour (worn)
Jewellery
 c - a ring of see invisible (left hand)
 e - a ring of positive energy (right hand)
 r - a ring of flight
Scrolls
 f - 3 scrolls of identify
 h - 2 scrolls of teleportation
 s - a scroll of butterflies {unknown}
 u - a scroll of magic mapping {unknown}
 v - a scroll of blinking {unknown}
Potions
 l - a potion of magic
 m - a potion of ambrosia
 o - a potion of resistance {unknown}


   Skills:
 + Level 1.6 Fighting
 + Level 3.6 Dodging
 - Level 2.1 Stealth
 + Level 2.5 Spellcasting
 * Level 5.2 Ice Magic


You had one spell level left.
You knew the following spells:

 Your Spells              Type           Power      Damage    Failure   Level
a - Freeze                Ice            72%        1d9       3%          1
b - Frozen Ramparts       Ice            36%        1d6       10%         3
c - Ozocubu's Armour      Ice            18%        N/A       10%         3

Your spell library contained the following spells:

 Spells                   Type           Power      Damage    Failure   Level
 Hailstorm                Conj/Ice       10%        3d5       69%         4


Dungeon Overview and Level Annotations

Branches:
Dungeon (3/15)

Altars:

Annotations:
D:2 Robin
D:3 2 transporters


Innate Abilities, Weirdness & Mutations

((You are very nimble when in or above water. (Stealth+, EV+, Speed+++)))
Your lower body shifts to a powerful aquatic tail in water.


Message History

The goblin attacks as you move away! The goblin barely misses you.
Robin misses you.
Things that are here:
a +0 club; a +0 club
Casting: Freeze (safe; 3% risk of failure)
Confirm with . or Enter, or press ? or * to list all spells.
Okay, then.
Casting: Freeze (safe; 3% risk of failure)
Confirm with . or Enter, or press ? or * to list all spells.
The spell is quite dangerous to miscast (11% risk of failure)!
Continue anyway?
Casting: Frozen Ramparts (quite dangerous; 11% risk of failure)
Press: ? - help, Dir - look around, f - activate The walls around you are covered in ice.
The wall freezes the goblin.
You kill the goblin!
The wall freezes the goblin.
The wall freezes Robin.
Robin hits you with a +0 trident!
* * * LOW HITPOINT WARNING * * *
Casting: Frozen Ramparts (quite dangerous; 10% risk of failure)
Confirm with . or Enter, or press ? or * to list all spells.
Aiming: Freeze (safe; 3% risk of failure)
Press: ? - help, Shift-Dir - straight line, f - Robin
Aim: Robin, wielding a +0 trident, wearing a +0 animal skin and wearing a +1 helmet (lightly wounded)
You freeze Robin.
Robin is moderately wounded.
The wall freezes Robin.
Robin roars a battlecry!
The goblin goes into a battle-frenzy!
The wall freezes the goblin.
You kill the goblin!
You hear a shout!
Casting: Freeze (safe; 3% risk of failure)
Confirm with . or Enter, or press ? or * to list all spells.
Aiming: Freeze (safe; 3% risk of failure)
Press: ? - help, Shift-Dir - straight line, f/p - Robin
Aim: Robin, wielding a +0 trident, wearing a +0 animal skin and wearing a +1 helmet (heavily wounded)
You freeze Robin.
Robin is heavily wounded.
The wall freezes Robin.
Robin hits you with a +0 trident!
You die... ▒▒▒∙▒∙▒∙▒ ▒∙∙∙∙∙∙∙▒ ∙∙ ▒∙▒▒∙∙▒▒▒ ∙∙∙ ▒g▒▒∙∙▒▒▒ ∙∙∙∙

▒∙∙∙∙∙>∙▒
∙∙∙▒
▒∙▒▒▒▒▒∙▒
∙∙∙▒∙∙∙∙∙∙∙▒
▒∙▒∙▒▒▒▒▒▒▒
▒∙∙)g@)∙▒
▒▒▒∙▒▒▒∙▒
▒∙∙∙∙∙▒
▒▒▒▒▒▒▒


You could see Robin.

Vanquished Creatures
  3 adders
  2 dart slugs (D:1)
  2 endoplasms (D:2)
  4 giant cockroaches
  8 goblins
  8 hobgoblins
  A quokka (D:2)
  3 ball pythons (D:1)
  3 bats
  4 frilled lizards
  A kobold (D:1)
  4 rats
43 creatures vanquished.

Vanquished Creatures (others)
  6 plants (D:3)
6 creatures vanquished.

Grand Total: 49 creatures vanquished

Notes
Turn   | Place    | Note
-------+----------+-------------------------------------------
     0 | D:1      | knave8 the Merfolk Ice Elementalist began the quest for the
                  | Orb.
     0 | D:1      | Reached XP level 1. HP: 13/13 MP: 3/3
   131 | D:1      | Reached XP level 2. HP: 20/20 MP: 0/5
   392 | D:1      | Found a faded altar of an unknown god.
   405 | D:1      | Reached skill level 1 in Fighting
   512 | D:1      | Reached XP level 3. HP: 26/26 MP: 4/6
   982 | D:2      | Reached skill level 5 in Ice Magic
  1263 | D:3      | Reached XP level 4. HP: 26/32 MP: 7/7
  1267 | D:3      | Learned a level 3 spell: Frozen Ramparts
  1271 | D:3      | Learned a level 3 spell: Ozocubu's Armour
  1374 | D:3      | Found a transporter.
  1375 | D:3      | Found a transporter.
  1409 | D:3      | Identified the +2 trident of the Well-Known Stories {chaos,
                  | Drain Int+5}
  1409 | D:3      | Identified the +4 kite shield "Oze Qus" {Harm Regen+}
  1409 | D:3      | Noticed a gnoll sergeant
  1598 | D:2      | Noticed Robin
  1640 | D:2      | Slain by Robin

Illustrated notes

Levels and vault maps discovered:
D:1:      zelgadis_glass_arrival_small, layout_rooms, basic_ecumenical_altar,
          minmay_pentomino_t2
D:2:      minmay_wonky_spiral, layout_basic, uniq_robin
D:3:      layout_loops_ring, gammafunk_ghost_gnarly_gnolls

Skill      XL: |  1  2  3 |
---------------+----------+-----
Dodging        | 3 |  3.6
Fighting       | 1 |  1.6
Ice Magic      | 5 |  5.2
Stealth        | |  2.1
Spellcasting   | |  2.5

Action                   |  1- 3 |  4- 6 || total
-------------------------+-------+-------++-------
Melee: Unarmed           |     1 |       ||     1
       Whip              |     2 |       ||     2
       Hand axe          |       |     9 ||     9
 Fire: Sling             |    30 |    12 ||    42
 Cast: Freeze            |    37 |     8 ||    45
       Frozen Ramparts   |       |     1 ||     1
  Use: Scroll            |     6 |       ||     6
Armor: Robe              |     2 |       ||     2
       Leather armour    |     4 |     5 ||     9
Dodge: Dodged            |    31 |    13 ||    44
